 Dungeon Crawl Stone Soup version 0.31-a0-564-g3b7de120b3 (webtiles) character file.

Game seed: 3337486894598864162

222 freelancePsychic the Trooper (level 6, 0/47 HPs)
             Began as a Djinni Shapeshifter on Aug 17, 2023.
             Slain by a gnoll
             ... wielding a +0 spear
             ... led by a gnoll bouda
              (7 damage)
             ... on level 4 of the Dungeon.
             The game lasted 00:05:43 (3715 turns).

freelancePsychic the Trooper (Djinni Shapeshifter)  Turns: 3715, Time: 00:05:43

Health: 0/47       AC:  3    Str: 17    XL:     6   Next: 19%
Gold:   173        EV: 12    Int: 11    God:
                   SH:  5    Dex: 14

rFire   + + .        b - +6 mace of the Ten Persimmons {freeze, Str+3}
rCold   x . .        (no shield)
rNeg    . . .        a - +0 animal skin
rPois   ∞            (no helmet)
rElec   .            u - +0 cloak
rCorr   .            (no gloves)
SInv    .            (boots unavailable)
Will    .....        f - amulet of reflection
Stlth   +            (no ring)
HPRegen 0.27/turn    (no ring)
MPRegen 0.00/turn

%: reflection, infuse magic (-1 HP)
@: flying
A: sickness immunity, fire resistance 2, cold vulnerability 1, float, innate
caster, HP casting, extra vitality 1
a: no special abilities


You were on level 4 of the Dungeon.
You visited 1 branch of the dungeon, and saw 4 of its levels.

You collected 173 gold pieces.

Inventory:

Hand Weapons
 b - the +6 mace of the Ten Persimmons (weapon) {freeze, Str+3}
   (You found it on level 4 of the Dungeon)

   Str+3:     It affects your strength (+3).
 g - a +0 short sword
Missiles
 j - a throwing net
Armour
 a - a +0 animal skin (worn)
 u - a +0 cloak (worn)
Jewellery
 f - an amulet of reflection (around neck)
 p - an amulet of the acrobat
Talismans
 c - a beast talisman
 d - a flux talisman
Scrolls
 e - a scroll of fear {unknown}
 h - 2 scrolls of noise {unknown}
 i - a scroll of vulnerability {unknown}
 k - a scroll of torment {unknown}
 l - a scroll of blinking {unknown}
 n - a scroll of immolation {unknown}
 o - a scroll of teleportation {unknown}
 r - 2 scrolls of identify {unknown}
Potions
 q - a potion of attraction {unknown}
 s - a potion of resistance {unknown}
 t - a potion of brilliance {unknown}


   Skills:
 + Level 4.0 Fighting
 - Level 2.1 Dodging
 - Level 3.0 Unarmed Combat
 + Level 2.7 Spellcasting
 + Level 2.7 Conjurations
 + Level 2.7 Hexes
   Level 0.0 Charms
 + Level 2.7 Summonings
 + Level 2.7 Necromancy
 + Level 2.7 Translocations
 + Level 2.7 Transmutations
 + Level 2.7 Fire Magic
 + Level 2.7 Ice Magic
 + Level 2.7 Air Magic
 + Level 2.7 Earth Magic
 + Level 2.7 Poison Magic
 - Level 2.6 Shapeshifting


You knew the following spells:

 Your Spells              Type           Power      Damage    Failure   Level
a - Necrotise             Necr           28%        1d5       9%          1
b - Passwall              Tmut/Erth      5%         N/A       14%         2
Your spell library was empty.

Dungeon Overview and Level Annotations

Branches:
Dungeon (4/15)
 Temple: D:4-7

Altars:

Annotations:
D:3 Sigmund


Innate Abilities, Weirdness & Mutations

You are immune to sickness and miasma.
You are immune to poison.
Your flesh is very heat resistant. (rF++)
You are vulnerable to cold. (rC-)
You float through the air rather than walking.
You learn spells naturally, not from books.
Your magical power is your life essence.
You have superior vitality. (+4 MHP)


Message History

You see here a +0 whip.
You sock the gnoll bouda! You freeze the gnoll bouda.
The gnoll bouda is heavily wounded.
The gnoll bouda misses you.
The gnoll hits you from afar with a +0 spear.
The gnoll bouda closely misses you.
The gnoll hits you from afar with a +0 spear!
You are too injured to fight recklessly!
You are too injured to fight recklessly!
You hit the gnoll bouda but do no damage.
The gnoll bouda is heavily wounded.
The gnoll bouda gazes fiercely through you!
You feel as though you will be weak longer.
The gnoll bouda barely misses you. The gnoll closely misses you.
The gnoll bouda attacks as you move away!
The gnoll bouda completely misses you.
Things that are here:
a +0 spear; a gnoll corpse The gnoll hits you from afar with a +0 spear!
* * * LOW HITPOINT WARNING * * *
The gnoll closely misses you.
The gnoll bouda attacks as you move away!
The gnoll bouda hits you with a +0 whip!
* * * LOW HITPOINT WARNING * * *
Your attacks no longer feel as feeble.
Things that are here:
a +0 whip; a +0 flail; a gnoll corpse
Okay, then.
It was a potion of curing.
You feel better. You block the gnoll bouda's attack.
The gnoll hits you from afar with a +0 spear.
* * * LOW HITPOINT WARNING * * *
You feel better. You block the gnoll's attack.
The gnoll bouda hits you with a +0 whip!
* * * LOW HITPOINT WARNING * * *
Okay, then.
You sock the gnoll bouda! You freeze the gnoll bouda.
You kill the gnoll bouda!
The gnoll misses you.
The gnoll hits you from afar with a +0 spear!
You die...

#......# ###.####
#......### #....#
#........# #.##.#
#......):# #.# #
#.......)###.#
#............#
#....#...g####
#....####)#
#....####@#
#.........#
#.......#.########
#.......#........#
#.......#........#
#.......#........#
#....#.##..).....#
#....#.##........#
#....#.##........#


You could see a gnoll (swift).

Vanquished Creatures
  A gnoll bouda (D:4)
  Natasha (D:3)
  6 gnolls
  4 adders
  2 worms
  2 dart slugs (D:3)
  5 ball pythons
  10 bats
  8 endoplasms
  16 giant cockroaches
  7 goblins
  6 hobgoblins
  4 jackals (D:2)
  4 kobolds
  4 quokkas
  3 frilled lizards
  5 rats
88 creatures vanquished.

Vanquished Creatures (collateral kills)
  An endoplasm (D:3)
1 creature vanquished.

Grand Total: 89 creatures vanquished

Notes
Turn   | Place    | Note
-------+----------+-------------------------------------------
     0 | D:1      | freelancePsychic the Djinni Shapeshifter began the quest
                  | for the Orb.
     0 | D:1      | Reached XP level 1. HP: 17/17 MP: 0/0
   111 | D:1      | Reached XP level 2. HP: 18/22 MP: 0/0
   300 | D:1      | Reached skill level 1 in Spellcasting
   300 | D:1      | Reached skill level 1 in Conjurations
   300 | D:1      | Reached skill level 1 in Hexes
   300 | D:1      | Reached skill level 1 in Summonings
   300 | D:1      | Reached skill level 1 in Necromancy
   300 | D:1      | Reached skill level 1 in Translocations
   300 | D:1      | Reached skill level 1 in Transmutations
   300 | D:1      | Reached skill level 1 in Fire Magic
   300 | D:1      | Reached skill level 1 in Ice Magic
   300 | D:1      | Reached skill level 1 in Air Magic
   300 | D:1      | Reached skill level 1 in Earth Magic
   300 | D:1      | Reached skill level 1 in Poison Magic
   505 | D:1      | Reached XP level 3. HP: 28/28 MP: 0/0
   505 | D:1      | Learned a level 1 spell: Necrotise
   532 | D:1      | Reached skill level 2 in Fighting
   956 | D:2      | Reached XP level 4. HP: 34/34 MP: 0/0
  1450 | D:3      | Reached skill level 3 in Fighting
  1797 | D:3      | Reached XP level 5. HP: 38/40 MP: 0/0
  1797 | D:3      | Learned a level 2 spell: Passwall
  1843 | D:3      | Noticed Sigmund
  2741 | D:4      | Noticed Natasha
  2764 | D:3      | Killed Natasha
  3477 | D:4      | Identified the +6 mace of the Ten Persimmons {freeze,
                  | Str+3}
  3556 | D:4      | Reached XP level 6. HP: 38/47 MP: 0/0
  3705 | D:4      | Reached skill level 4 in Fighting
  3715 | D:4      | Slain by a gnoll

Illustrated notes

Levels and vault maps discovered:
D:1:      dpeg_arrival_court, layout_basic
D:2:      minmay_roachtagon, layout_basic
D:3:      layout_loops_corners, uniq_sigmund
D:4:      minmay_angry_zag, layout_basic, minmay_temple_entry_overgrown,
          uniq_natasha

Skill      XL: |  1  2  3  4  5  6 |
---------------+-------------------+-----
Spellcasting   | 1 2 |  2.7
Conjurations   | 1 2 |  2.7
Hexes          | 1 2 |  2.7
Summonings     | 1 2 |  2.7
Necromancy     | 1 2 |  2.7
Translocations | 1 2 |  2.7
Transmutations | 1 2 |  2.7
Fire Magic     | 1 2 |  2.7
Ice Magic      | 1 2 |  2.7
Air Magic      | 1 2 |  2.7
Earth Magic    | 1 2 |  2.7
Poison Magic   | 1 2 |  2.7
Fighting       | 2 3 4 |  4.0
Dodging        | |  2.1
Unarmed Combat | |  3.0
Shapeshifting  | |  2.6

Action                     |  1- 3 |  4- 6 || total
---------------------------+-------+-------++-------
  Melee: Unarmed           |    30 |       ||    30
         Short sword       |    96 |   198 ||   294
         Punch             |       |     9 ||     9
         Mace              |       |    13 ||    13
   Cast: Necrotise         |    16 |    30 ||    46
Ability: Begin Untransform |       |     1 ||     1
    Use: Potion            |       |     3 ||     3
   Stab: Sleeping          |       |     2 ||     2
 Armour: Animal skin       |    17 |    35 ||    52
         Skin              |       |     1 ||     1
  Dodge: Dodged            |    70 |   147 ||   217
  Block: Other             |    35 |    55 ||    90
         Reflection        |       |     1 ||     1

Table legend: (Time is in decaauts)
 A = Elapsed time spent in this place.
 B = Non-inter-level travel time spent in this place.
 C = Inter-level travel time spent in this place.
 D = Time resting spent in this place.
 E = Time spent auto-exploring this place.
 F = Levels seen in this place.
 G = Mean time per level.
                   A        B        C        D        E       F      G
               +--------+--------+--------+--------+--------+-----+--------+
         Total |   3720 |   3572 |    148 |     44 |   2633 |   4 |  930.0 |
       Dungeon |   3720 |   3572 |    148 |     44 |   2633 |   4 |  930.0 |
               +--------+--------+--------+--------+--------+-----+--------+

Top non-repeatable levels by time:
     D:3: 1361 daAuts
     D:2: 1247 daAuts
     D:1: 901 daAuts
     D:4: 210 daAuts
